Workbook

Sheet FTR - Results
G2: Results Tracker: KPI Dashboard | H2: Start Bank (Points) | I2: 100 | J2: Current Bank (Points) | K2: =N38+I2 -> 142.056 | L2: Total Points Staked | N2: =I38 -> 133
H3: Start Date | I3: 45931 | J3: PnL (Points +/-) | K3: =K2-I2 -> 42.056 | L3: Return on Investment (ROI) | N3: =K3/N2*100 -> 31.621053
H4: Active Days | I4: 27 | J4: Bank Growth (%) | K4: =K3/I2*100 -> 42.056 | L4: Return on Capital (ROC) | N4: =K3/I2*100 -> 42.056
B6: Day | C6: Date | D6: Comp | E6: Match | F6: Market | G6: Selection | H6: Price | I6: Points | J6: FT Result | K6: W/D/L | L6: Points (+/-) | M6: BF Comm | N6: Total Points
B7: 1 | C7: =I3 -> 45931 | D7: UCL | E7: Barcelona v PSG | F7: MO&O/U 2.5 Goals | G7: Barcelona / Over | H7: 2.26 | I7: 4 | J7: 1-2 | K7: L | L7: =IF(K7="w",(H7-1)*I7,-I7) -> -4 | M7: =IF(K7="w",(L7/100*2),0) -> 0 | N7: =L7-M7 -> -4
B8: 2 | C8: =C7+1 -> 45932 | D8: UEL | E8: Roma v Lille | F8: MO&O/U 2.5 Goals | G8: Roma / Over | H8: 2.86 | I8: 4 | J8: 0-1 | K8: L | L8: =IF(K8="w",(H8-1)*I8,-I8) -> -4 | M8: =IF(K8="w",(L8/100*2),0) -> 0 | N8: =L8-M8 -> -4
B9: 3 | C9: =C8+1 -> 45933 | D9: PRL | E9: Bournemouth v Fulham | F9: Match Odds | G9: Bournemouth | H9: 2.04 | I9: 5 | J9: 3-1 | K9: W | L9: =IF(K9="w",(H9-1)*I9,-I9) -> 5.2 | M9: =IF(K9="w",(L9/100*2),0) -> 0.104 | N9: =L9-M9 -> 5.096
B10: 4 | C10: =C9+1 -> 45934 | D10: PRL | E10: Man Utd v Sunderland | F10: Asian Handicap | G10: Sunderland +1 | H10: 2.1 | I10: 5 | J10: 0-2 | K10: L | L10: =IF(K10="w",(H10-1)*I10,-I10) -> -5 | M10: =IF(K10="w",(L10/100*2),0) -> 0 | N10: =L10-M10 -> -5
B11: 5 | C11: =C10+1 -> 45935 | D11: PRL | E11: Brentford v Man City | F11: Asian Handicap | G11: Man City -1 | H11: 2.03 | I11: 5 | J11: 0-1 | K11: D | L11: 0 | M11: =IF(K11="w",(L11/100*2),0) -> 0 | N11: =L11-M11 -> 0
B12: 6 | C12: =C11+1 -> 45936 | D12: SED | E12: Leonesa v Albacete | F12: Match Odds | G12: Draw | H12: 3.4 | I12: 5 | J12: 0-0 | K12: W | L12: =IF(K12="w",(H12-1)*I12,-I12) -> 12 | M12: =IF(K12="w",(L12/100*2),0) -> 0.24 | N12: =L12-M12 -> 11.76
B13: 7 | C13: =C12+1 -> 45937 | D13: No Selection | L13: =IF(K13="w",(H13-1)*I13,-I13) -> 0 | M13: =IF(K13="w",(L13/100*2),0) -> 0 | N13: =L13-M13 -> 0
B14: 8 | C14: =C13+1 -> 45938 | D14: No Selection | L14: =IF(K14="w",(H14-1)*I14,-I14) -> 0 | M14: =IF(K14="w",(L14/100*2),0) -> 0 | N14: =L14-M14 -> 0
B15: 9 | C15: =C14+1 -> 45939 | D15: WCQ | E15: Scotland v Greece | F15: Match Odds | G15: Scotland | H15: 2.96 | I15: 5 | J15: 3-1 | K15: W | L15: =IF(K15="w",(H15-1)*I15,-I15) -> 9.8 | M15: =IF(K15="w",(L15/100*2),0) -> 0.196 | N15: =L15-M15 -> 9.604
B16: 10 | C16: =C15+1 -> 45940 | D16: WCQ | E16: Iceland v Ukraine | F16: Match Odds | G16: Ukraine | H16: 2.6 | I16: 5 | J16: 3-5 | K16: W | L16: =IF(K16="w",(H16-1)*I16,-I16) -> 8 | M16: =IF(K16="w",(L16/100*2),0) -> 0.16 | N16: =L16-M16 -> 7.84
B17: 11 | C17: =C16+1 -> 45941 | D17: WCQ | E17: Portugal v Ireland | F17: O/U 3.5 Goals | G17: Over | H17: 2.26 | I17: 5 | J17: 1-0 | K17: L | L17: =IF(K17="w",(H17-1)*I17,-I17) -> -5 | M17: =IF(K17="w",(L17/100*2),0) -> 0 | N17: =L17-M17 -> -5
B18: 12 | C18: =C17+1 -> 45942 | D18: WCQ | E18: Denmark v Greece | F18: MO&O/U 2.5 Goals | G18: Denmark / Over | H18: 2.86 | I18: 5 | J18: 3-1 | K18: W | L18: =IF(K18="w",(H18-1)*I18,-I18) -> 9.3 | M18: =IF(K18="w",(L18/100*2),0) -> 0.186 | N18: =L18-M18 -> 9.114
B19: 13 | C19: =C18+1 -> 45943 | D19: WCQ | E19: Wales v Belgium | F19: MO&BTTS | G19: Belgium / Yes | H19: 4 | I19: 5 | J19: 2-4 | K19: W | L19: =IF(K19="w",(H19-1)*I19,-I19) -> 15 | M19: =IF(K19="w",(L19/100*2),0) -> 0.3 | N19: =L19-M19 -> 14.7
B20: 14 | C20: =C19+1 -> 45944 | D20: WCQ | E20: Turkiye v Georgia | F20: MO&BTTS | G20: Turkiye / Yes | H20: 3.25 | I20: 5 | J20: 4-1 | K20: W | L20: =IF(K20="w",(H20-1)*I20,-I20) -> 11.25 | M20: =IF(K20="w",(L20/100*2),0) -> 0.225 | N20: =L20-M20 -> 11.025
B21: 15 | C21: =C20+1 -> 45945 | D21: No Selection | L21: =IF(K21="w",(H21-1)*I21,-I21) -> 0 | M21: =IF(K21="w",(L21/100*2),0) -> 0 | N21: =L21-M21 -> 0
B22: 16 | C22: =C21+1 -> 45946 | D22: No Selection | L22: =IF(K22="w",(H22-1)*I22,-I22) -> 0 | M22: =IF(K22="w",(L22/100*2),0) -> 0 | N22: =L22-M22 -> 0
B23: 17 | C23: =C22+1 -> 45947 | D23: LI1 | E23: PSG v Strasbourg | F23: MO&BTTS | G23: PSG / Yes | H23: 2.86 | I23: 5 | J23: 3-3 | K23: L | L23: =IF(K23="w",(H23-1)*I23,-I23) -> -5 | M23: =IF(K23="w",(L23/100*2),0) -> 0 | N23: =L23-M23 -> -5
B24: 18 | C24: =C23+1 -> 45948 | D24: PRL | E24: Sunderland v Wolves | F24: Match Odds | G24: Sunderland | H24: 2.66 | I24: 5 | J24: 2-0 | K24: W | L24: =IF(K24="w",(H24-1)*I24,-I24) -> 8.3 | M24: =IF(K24="w",(L24/100*2),0) -> 0.166 | N24: =L24-M24 -> 8.134
B25: 19 | C25: =C24+1 -> 45949 | D25: PRL | E25: Liverpool v Man United | F25: MO&BTTS | G25: Liverpool / Yes | H25: 2.94 | I25: 5 | J25: 1-2 | K25: L | L25: =IF(K25="w",(H25-1)*I25,-I25) -> -5 | M25: =IF(K25="w",(L25/100*2),0) -> 0 | N25: =L25-M25 -> -5
B26: 20 | C26: =C25+1 -> 45950 | D26: PRL | E26: West Ham v Brentford | F26: Asian Handicap | G26: West Ham 0 | H26: 1.93 | I26: 5 | J26: 0-2 | K26: L | L26: =IF(K26="w",(H26-1)*I26,-I26) -> -5 | M26: =IF(K26="w",(L26/100*2),0) -> 0 | N26: =L26-M26 -> -5
B27: 21 | C27: =C26+1 -> 45951 | D27: UCL | E27: Barcelona v Olympiakos | F27: Asian Handicap | G27: Barcelona -1.5 & -2.00 | H27: 1.9 | I27: 5 | J27: 6-1 | K27: W | L27: =IF(K27="w",(H27-1)*I27,-I27) -> 4.5 | M27: =IF(K27="w",(L27/100*2),0) -> 0.09 | N27: =L27-M27 -> 4.41
B28: 22 | C28: =C27+1 -> 45952 | D28: UCL | E28: Real Madrid v Juventus | F28: MO&O/U 2.5 Goals | G28: Real Madrid / Over | H28: 2.14 | I28: 5 | J28: 1-0 | K28: L | L28: =IF(K28="w",(H28-1)*I28,-I28) -> -5 | M28: =IF(K28="w",(L28/100*2),0) -> 0 | N28: =L28-M28 -> -5
B29: 23 | C29: =C28+1 -> 45953 | D29: UEL | E29: Roma v Plzen | F29: MO&BTTS | G29: Roma / No | H29: 2.44 | I29: 5 | J29: 1-2 | K29: L | L29: =IF(K29="w",(H29-1)*I29,-I29) -> -5 | M29: =IF(K29="w",(L29/100*2),0) -> 0 | N29: =L29-M29 -> -5
B30: 24 | C30: =C29+1 -> 45954 | D30: PRL | E30: Leeds v West Ham | F30: BTTS | G30: Yes | H30: 1.94 | I30: 5 | J30: 2-1 | K30: W | L30: =IF(K30="w",(H30-1)*I30,-I30) -> 4.7 | M30: =IF(K30="w",(L30/100*2),0) -> 0.094 | N30: =L30-M30 -> 4.606
B31: 25 | C31: =C30+1 -> 45955 | D31: PRL | E31: Man Utd v Brighton | F31: MO&BTTS | G31: Man Utd / Yes | H31: 3.65 | I31: 5 | J31: 4-2 | K31: W | L31: =IF(K31="w",(H31-1)*I31,-I31) -> 13.25 | M31: =IF(K31="w",(L31/100*2),0) -> 0.265 | N31: =L31-M31 -> 12.985
B32: 26 | C32: =C31+1 -> 45956 | D32: PRL | E32: Everton v Tottenham | F32: Match Odds | G32: Everton | H32: 2.42 | I32: 5 | J32: 0-3 | K32: L | L32: =IF(K32="w",(H32-1)*I32,-I32) -> -5 | M32: =IF(K32="w",(L32/100*2),0) -> 0 | N32: =L32-M32 -> -5
B33: 27 | C33: =C32+1 -> 45957 | D33: LAL | E33: Real Betis v Atletico | F33: Asian Handicap | G33: Betis 0 | H33: 2.43 | I33: 5 | J33: 0-2 | K33: L | L33: =IF(K33="w",(H33-1)*I33,-I33) -> -5 | M33: =IF(K33="w",(L33/100*2),0) -> 0 | N33: =L33-M33 -> -5
B34: 28 | C34: =C33+1 -> 45958 | D34: SEA | E34: Atalanta v AC Milan | F34: Asian Handicap | G34: AC Milan 0 | H34: 2 | I34: 5 | J34: 1-1 | K34: D | L34: 0 | M34: =IF(K34="w",(L34/100*2),0) -> 0 | N34: =L34-M34 -> 0
B35: 29 | C35: =C34+1 -> 45959 | D35: SEA | E35: Inter v Fiorentina | F35: MO&O/U 2.5 Goals | G35: Inter / Over | H35: 2.18 | I35: 5 | J35: 3-0 | K35: W | L35: =IF(K35="w",(H35-1)*I35,-I35) -> 5.9 | M35: =IF(K35="w",(L35/100*2),0) -> 0.118 | N35: =L35-M35 -> 5.782
B36: 30 | C36: =C35+1 -> 45960 | D36: SEA | E36: Cagliari v Sassuolo | F36: Asian Handicap | G36: Cagliari 0 | H36: 1.82 | I36: 5 | J36: 0-2 | K36: L | L36: =IF(K36="w",(H36-1)*I36,-I36) -> -5 | M36: =IF(K36="w",(L36/100*2),0) -> 0 | N36: =L36-M36 -> -5
B37: 31 | C37: =C36+1 -> 45961 | D37: BUN | E37: Augsburg v Dortmund | F37: MO&O/U 2.5 Goals | G37: Dortmund / Over | H37: 2.26 | I37: 5 | J37: 0-1 | K37: L | L37: =IF(K37="w",(H37-1)*I37,-I37) -> -5 | M37: =IF(K37="w",(L37/100*2),0) -> 0 | N37: =L37-M37 -> -5
I38: =SUM(I7:I37) -> 133 | J38: Pts Staked | K38: PnL | L38: =SUM(L7:L37) -> 44.2 | M38: =SUM(M7:M37) -> 2.144 | N38: =L38-M38 -> 42.056

Sheet FTR - Chart
B2: FOOTBALL TRADING ROOM - OCTOBER 2025: DAILY RESULTS
B4: Day | C4: Day Points: Profit / Loss | D4: Accumulated Points
B5: 0 | C5: 0 | D5: 0
B6: 1 | C6: ='FTR - Results'!N7 -> -4 | D6: =D5+C6 -> -4
B7: 2 | C7: ='FTR - Results'!N8 -> -4 | D7: =D6+C7 -> -8
B8: 3 | C8: ='FTR - Results'!N9 -> 5.096 | D8: =D7+C8 -> -2.904
B9: 4 | C9: ='FTR - Results'!N10 -> -5 | D9: =D8+C9 -> -7.904
B10: 5 | C10: ='FTR - Results'!N11 -> 0 | D10: =D9+C10 -> -7.904
B11: 6 | C11: ='FTR - Results'!N12 -> 11.76 | D11: =D10+C11 -> 3.856
B12: 7 | C12: ='FTR - Results'!N13 -> 0 | D12: =D11+C12 -> 3.856
B13: 8 | C13: ='FTR - Results'!N14 -> 0 | D13: =D12+C13 -> 3.856
B14: 9 | C14: ='FTR - Results'!N15 -> 9.604 | D14: =D13+C14 -> 13.46
B15: 10 | C15: ='FTR - Results'!N16 -> 7.84 | D15: =D14+C15 -> 21.3
B16: 11 | C16: ='FTR - Results'!N17 -> -5 | D16: =D15+C16 -> 16.3
B17: 12 | C17: ='FTR - Results'!N18 -> 9.114 | D17: =D16+C17 -> 25.414
... B36: 31 | C36: ='FTR - Results'!N37 -> -5 | D36: =D35+C36 -> 42.056

Sheet PGX5 - Results
G2: Record Tracking & Stake Calculation | H2: Start Bank (£) | I2: 1000 | N2: Current Bank (£) | O2: =O37 -> 516.74374
H3: Start Date | I3: 45931 | N3: Growth (£) | O3: =O2-I2 -> -483.25626
H4: Days # | I4: 27 | N4: Increase (%) | O4: =SUM(O2-I2)/I2*100 -> -48.325626
B6: Day | C6: Date | D6: Comp | E6: Match | F6: Market | G6: Selection | H6: Price | I6: Stake | J6: Result | K6: W/L/D | L6: Start Bank | M6: PnL | N6: BF Comm. | O6: End Bank
B7: 1 | C7: =I3 -> 45931 | D7: UCL | E7: Union SG v Newcastle Utd | F7: Asian Handicap | G7: Union SG +0.5 | H7: 2 | I7: =L7/16.5 -> 60.606061 | J7: 0-4 | K7: L | L7: =I2 -> 1000 | M7: =IF(K7="w",(H7-1)*I7,-I7) -> -60.606061 | N7: =IF(K7="w",(M7/100*2),0) -> 0 | O7: =L7+M7-N7 -> 939.39394
B8: 2 | C8: =C7+1 -> 45932 | D8: UEL | E8: Brann v Utrecht | F8: MO&O/U2.5 | G8: Brann / Over | H8: 3.3 | I8: =L8/16.5 -> 56.932966 | J8: 1-0 | K8: L | L8: =O7 -> 939.39394 | M8: =IF(K8="w",(H8-1)*I8,-I8) -> -56.932966 | N8: =IF(K8="w",(M8/100*2),0) -> 0 | O8: =L8+M8-N8 -> 882.46097
B9: 3 | C9: =C8+1 -> 45933 | D9: LAL | E9: Osasuna v Getafe | F9: Match Odds | G9: Osasuna | H9: 2.24 | I9: =L9/16.5 -> 53.482483 | J9: 2-1 | K9: W | L9: =O8 -> 882.46097 | M9: =IF(K9="w",(H9-1)*I9,-I9) -> 66.318279 | N9: =IF(K9="w",(M9/100*2),0) -> 1.3263656 | O9: =L9+M9-N9 -> 947.45289
B10: 4 | C10: =C9+1 -> 45934 | D10: PRL | E10: Chelsea v Liverpool | F10: Match Odds | G10: Liverpool | H10: 2.38 | I10: =L10/16.5 -> 57.421387 | J10: 2-1 | K10: L | L10: =O9 -> 947.45289 | M10: =IF(K10="w",(H10-1)*I10,-I10) -> -57.421387 | N10: =IF(K10="w",(M10/100*2),0) -> 0 | O10: =L10+M10-N10 -> 890.0315
B11: 5 | C11: =C10+1 -> 45935 | D11: PRL | E11: Wolves v Brighton | F11: MO&O/U2.5 | G11: Brighton / Over | H11: 3.3 | I11: =L11/16.5 -> 53.941303 | J11: 1-1 | K11: L | L11: =O10 -> 890.0315 | M11: =IF(K11="w",(H11-1)*I11,-I11) -> -53.941303 | N11: =IF(K11="w",(M11/100*2),0) -> 0 | O11: =L11+M11-N11 -> 836.0902
B12: 6 | C12: =C11+1 -> 45936 | D12: SED | E12: Leonesa v Albacete | F12: BTTS | G12: Yes | H12: 1.82 | I12: =L12/16.5 -> 50.672133 | J12: 0-0 | K12: L | L12: =O11 -> 836.0902 | M12: =IF(K12="w",(H12-1)*I12,-I12) -> -50.672133 | N12: =IF(K12="w",(M12/100*2),0) -> 0 | O12: =L12+M12-N12 -> 785.41806
B13: 7 | C13: =C12+1 -> 45937 | D13: No Selection | I13: 0 | L13: =O12 -> 785.41806 | M13: =IF(K13="w",(H13-1)*I13,-I13) -> 0 | N13: =IF(K13="w",(M13/100*2),0) -> 0 | O13: =L13+M13-N13 -> 785.41806
B14: 8 | C14: =C13+1 -> 45938 | D14: No Selection | I14: 0 | L14: =O13 -> 785.41806 | M14: =IF(K14="w",(H14-1)*I14,-I14) -> 0 | N14: =IF(K14="w",(M14/100*2),0) -> 0 | O14: =L14+M14-N14 -> 785.41806
B15: 9 | C15: =C14+1 -> 45939 | D15: WCQ | E15: Czechia v Croatia | F15: Match Odds | G15: Croatia | H15: 2.44 | I15: =L15/16.5 -> 47.601095 | J15: 0-0 | K15: L | L15: =O14 -> 785.41806 | M15: =IF(K15="w",(H15-1)*I15,-I15) -> -47.601095 | N15: =IF(K15="w",(M15/100*2),0) -> 0 | O15: =L15+M15-N15 -> 737.81697
B16: 10 | C16: =C15+1 -> 45940 | D16: WCQ | E16: Sweden v Switzerland | F16: O/U 2.5 | G16: Under | H16: 1.95 | I16: =L16/16.5 -> 44.71618 | J16: 0-2 | K16: W | L16: =O15 -> 737.81697 | M16: =IF(K16="w",(H16-1)*I16,-I16) -> 42.480371 | N16: =IF(K16="w",(M16/100*2),0) -> 0.84960742 | O16: =L16+M16-N16 -> 779.44773
B17: 11 | C17: =C16+1 -> 45941 | D17: WCQ | E17: Norway v Israel | F17: MO&BTTS | G17: Norway / Yes | H17: 2.5 | I17: =L17/16.5 -> 47.239257 | J17: 5-0 | K17: L | L17: =O16 -> 779.44773 | M17: =IF(K17="w",(H17-1)*I17,-I17) -> -47.239257 | N17: =IF(K17="w",(M17/100*2),0) -> 0 | O17: =L17+M17-N17 -> 732.20848
B18: 12 | C18: =C17+1 -> 45942 | D18: WCQ | E18: Romania v Austria | F18: MO&BTTS | G18: Austria / Yes | H18: 4.2 | I18: =L18/16.5 -> 44.376271 | J18: 1-0 | K18: L | L18: =O17 -> 732.20848 | M18: =IF(K18="w",(H18-1)*I18,-I18) -> -44.376271 | N18: =IF(K18="w",(M18/100*2),0) -> 0 | O18: =L18+M18-N18 -> 687.8322
B19: 13 | C19: =C18+1 -> 45943 | D19: WCQ | E19: Iceland v France | F19: BTTS | G19: Yes | H19: 2.2 | I19: =L19/16.5 -> 41.6868 | J19: 2-2 | K19: W | L19: =O18 -> 687.8322 | M19: =IF(K19="w",(H19-1)*I19,-I19) -> 50.02416 | N19: =IF(K19="w",(M19/100*2),0) -> 1.0004832 | O19: =L19+M19-N19 -> 736.85588
B20: 14 | C20: =C19+1 -> 45944 | D20: WCQ | E20: Estonia v Moldova | F20: Match Odds | G20: Estonia | H20: 2.3 | I20: =L20/16.5 -> 44.657932 | J20: 1-1 | K20: L | L20: =O19 -> 736.85588 | M20: =IF(K20="w",(H20-1)*I20,-I20) -> -44.657932 | N20: =IF(K20="w",(M20/100*2),0) -> 0 | O20: =L20+M20-N20 -> 692.19795
B21: 15 | C21: =C20+1 -> 45945 | D21: No Selection | L21: =O20 -> 692.19795 | M21: =IF(K21="w",(H21-1)*I21,-I21) -> 0 | N21: =IF(K21="w",(M21/100*2),0) -> 0 | O21: =L21+M21-N21 -> 692.19795
B22: 16 | C22: =C21+1 -> 45946 | D22: No Selection | L22: =O21 -> 692.19795 | M22: =IF(K22="w",(H22-1)*I22,-I22) -> 0 | N22: =IF(K22="w",(M22/100*2),0) -> 0 | O22: =L22+M22-N22 -> 692.19795
B23: 17 | C23: =C22+1 -> 45947 | D23: LAL | E23: Oviedo v Espanyol | F23: Match Odds | G23: Oviedo | H23: 2.18 | I23: =L23/16.5 -> 41.951391 | J23: 0-2 | K23: L | L23: =O22 -> 692.19795 | M23: =IF(K23="w",(H23-1)*I23,-I23) -> -41.951391 | N23: =IF(K23="w",(M23/100*2),0) -> 0 | O23: =L23+M23-N23 -> 650.24656
B24: 18 | C24: =C23+1 -> 45948 | D24: PRL | E24: Fulham v Arsenal | F24: MO&BTTS | G24: Arsenal / No | H24: 2.36 | I24: =L24/16.5 -> 39.408882 | J24: 0-1 | K24: W | L24: =O23 -> 650.24656 | M24: =IF(K24="w",(H24-1)*I24,-I24) -> 53.59608 | N24: =IF(K24="w",(M24/100*2),0) -> 1.0719216 | O24: =L24+M24-N24 -> 702.77072
B25: 19 | C25: =C24+1 -> 45949 | D25: PRL | E25: Tottenham v Aston Villa | F25: Match Odds | G25: Tottenham | H25: 2.2 | I25: =L25/16.5 -> 42.592165 | J25: 1-2 | K25: L | L25: =O24 -> 702.77072 | M25: =IF(K25="w",(H25-1)*I25,-I25) -> -42.592165 | N25: =IF(K25="w",(M25/100*2),0) -> 0 | O25: =L25+M25-N25 -> 660.17855
B26: 20 | C26: =C25+1 -> 45950 | D26: PRL | E26: West Ham v Brentford | F26: O/U 2.5 | G26: Over | H26: 1.97 | I26: =L26/16.5 -> 40.010821 | J26: 0-2 | K26: L | L26: =O25 -> 660.17855 | M26: =IF(K26="w",(H26-1)*I26,-I26) -> -40.010821 | N26: =IF(K26="w",(M26/100*2),0) -> 0 | O26: =L26+M26-N26 -> 620.16773
B27: 21 | C27: =C26+1 -> 45951 | D27: UCL | E27: Arsenal v Atletico Madrid | F27: Asian Handicap | G27: Arsenal -1 | H27: 2.02 | I27: =L27/16.5 -> 37.585923 | J27: 4-0 | K27: W | L27: =O26 -> 620.16773 | M27: =IF(K27="w",(H27-1)*I27,-I27) -> 38.337642 | N27: =IF(K27="w",(M27/100*2),0) -> 0.76675283 | O27: =L27+M27-N27 -> 657.73862
B28: 22 | C28: =C27+1 -> 45952 | D28: UCL | E28: Galatasaray v Bodo/Glimt | F28: MO&O/U2.5 | G28: Galatasaray / Overs | H28: 2.06 | I28: =L28/16.5 -> 39.862947 | J28: 3-1 | K28: W | L28: =O27 -> 657.73862 | M28: =IF(K28="w",(H28-1)*I28,-I28) -> 42.254723 | N28: =IF(K28="w",(M28/100*2),0) -> 0.84509447 | O28: =L28+M28-N28 -> 699.14825
B29: 23 | C29: =C28+1 -> 45953 | D29: UEL | E29: Genk v Real Betis | F29: Match Odds | G29: Real Betis | H29: 2.3 | I29: =L29/16.5 -> 42.372621 | J29: 0-0 | K29: L | L29: =O28 -> 699.14825 | M29: =IF(K29="w",(H29-1)*I29,-I29) -> -42.372621 | N29: =IF(K29="w",(M29/100*2),0) -> 0 | O29: =L29+M29-N29 -> 656.77563
B30: 24 | C30: =C29+1 -> 45954 | D30: SEA | E30: AC Milan v Pisa | F30: Asian Handicap | G30: AC Milan -1.5 | H30: 2.08 | I30: =L30/16.5 -> 39.804583 | J30: 2-2 | K30: L | L30: =O29 -> 656.77563 | M30: =IF(K30="w",(H30-1)*I30,-I30) -> -39.804583 | N30: =IF(K30="w",(M30/100*2),0) -> 0 | O30: =L30+M30-N30 -> 616.97104
B31: 25 | C31: =C30+1 -> 45955 | D31: PRL | E31: Chelsea v Sunderland | F31: MO&O/U2.5 | G31: Chelsea / Over | H31: 2.32 | I31: =L31/16.5 -> 37.392184 | J31: 1-2 | K31: L | L31: =O30 -> 616.97104 | M31: =IF(K31="w",(H31-1)*I31,-I31) -> -37.392184 | N31: =IF(K31="w",(M31/100*2),0) -> 0 | O31: =L31+M31-N31 -> 579.57886
B32: 26 | C32: =C31+1 -> 45956 | D32: PRL | E32: Bournemouth v Notts Forest | F32: Match Odds | G32: Bournemouth | H32: 1.96 | I32: =L32/16.5 -> 35.125991 | J32: 2-0 | K32: W | L32: =O31 -> 579.57886 | M32: =IF(K32="w",(H32-1)*I32,-I32) -> 33.720952 | N32: =IF(K32="w",(M32/100*2),0) -> 0.67441904 | O32: =L32+M32-N32 -> 612.62539
B33: 27 | C33: =C32+1 -> 45957 | D33: LAL | E33: Real Betis v Atletico Madrid | F33: BTTS | G33: Yes | H33: 1.72 | I33: =L33/16.5 -> 37.128812 | J33: 0-2 | K33: L | L33: =O32 -> 612.62539 | M33: =IF(K33="w",(H33-1)*I33,-I33) -> -37.128812 | N33: =IF(K33="w",(M33/100*2),0) -> 0 | O33: =L33+M33-N33 -> 575.49658
B34: 28 | C34: =C33+1 -> 45958 | D34: SEA | E34: Lecce v Napoli | F34: MO&BTTS | G34: Napoli / No | H34: 2.4 | I34: =L34/16.5 -> 34.878581 | J34: 0-1 | K34: W | L34: =O33 -> 575.49658 | M34: =IF(K34="w",(H34-1)*I34,-I34) -> 48.830013 | N34: =IF(K34="w",(M34/100*2),0) -> 0.97660026 | O34: =L34+M34-N34 -> 623.34999
... B37: 31 | C37: =C36+1 -> 45961 | D37: CHA | E37: Wrexham v Coventry City | F37: Match Odds | G37: Coventry | H37: 2.02 | I37: =L37/16.5 -> 33.338306 | J37: 3-2 | K37: L | L37: =O36 -> 550.08204 | M37: =IF(K37="w",(H37-1)*I37,-I37) -> -33.338306 | N37: =IF(K37="w",(M37/100*2),0) -> 0 | O37: =L37+M37-N37 -> 516.74374

Sheet PGX5 - CHART
B2: PRO-GENIE X5 - OCTOBER 2025: DAILY RESULTS
B4: Day | C4: Profit / Loss (£) | D4: Acc Bank (£)
B5: 0 | C5: 0 | D5: 0
B6: 1 | C6: ='PGX5 - Results'!M7-'PGX5 - Results'!N7 -> -60.606061 | D6: =D5+C6 -> -60.606061
B7: 2 | C7: ='PGX5 - Results'!M8-'PGX5 - Results'!N8 -> -56.932966 | D7: =D6+C7 -> -117.53903
B8: 3 | C8: ='PGX5 - Results'!M9-'PGX5 - Results'!N9 -> 64.991914 | D8: =D7+C8 -> -52.547113
B9: 4 | C9: ='PGX5 - Results'!M10-'PGX5 - Results'!N10 -> -57.421387 | D9: =D8+C9 -> -109.9685
B10: 5 | C10: ='PGX5 - Results'!M11-'PGX5 - Results'!N11 -> -53.941303 | D10: =D9+C10 -> -163.9098
B11: 6 | C11: ='PGX5 - Results'!M12-'PGX5 - Results'!N12 -> -50.672133 | D11: =D10+C11 -> -214.58194
B12: 7 | C12: ='PGX5 - Results'!M13-'PGX5 - Results'!N13 -> 0 | D12: =D11+C12 -> -214.58194
B13: 8 | C13: ='PGX5 - Results'!M14-'PGX5 - Results'!N14 -> 0 | D13: =D12+C13 -> -214.58194
B14: 9 | C14: ='PGX5 - Results'!M15-'PGX5 - Results'!N15 -> -47.601095 | D14: =D13+C14 -> -262.18303
B15: 10 | C15: ='PGX5 - Results'!M16-'PGX5 - Results'!N16 -> 41.630764 | D15: =D14+C15 -> -220.55227
B16: 11 | C16: ='PGX5 - Results'!M17-'PGX5 - Results'!N17 -> -47.239257 | D16: =D15+C16 -> -267.79152
B17: 12 | C17: ='PGX5 - Results'!M18-'PGX5 - Results'!N18 -> -44.376271 | D17: =D16+C17 -> -312.1678
... B36: 31 | C36: ='PGX5 - Results'!M37-'PGX5 - Results'!N37 -> -33.338306 | D36: =D35+C36 -> -483.25626

Sheet PXCS - Results
F2: Results Tracker: KPI Dashboard | G2: Start Bank (Points) | H2: 50 | I2: End Bank (Points) | J2: =M197+50 -> 21.813548 | K2: Total Points Staked | M2: =H197 -> 61.938
G3: Start Date | H3: 45931 | I3: PnL (Points +/-) | J3: =J2-H2 -> -28.186452 | K3: Return on Investment (ROI) | M3: =J3/M2*100 -> -45.507527
G4: # Matches | H4: 62 | I4: Bank Growth (%) | J4: =J3/H2*100 -> -56.372904 | K4: Return on Capital (ROC) | M4: =J3/H2*100 -> -56.372904
B6: Day | C6: Date | D6: Comp | E6: Match | F6: PXCS Prediction | G6: Price | H6: Points | I6: FT Result | J6: W/D/L | K6: Points (+/-) | L6: Comm (2%) | M6: Total Points
B7: 1 | C7: =H3 -> 45931 | D7: UCL | E7: Union SG v Newcastle Utd | F7: 1-1 | G7: 8.5 | H7: 0.333 | I7: 0-4 | J7: L | K7: =IF(J7="w",(G7-1)*H7,-H7) -> -0.333 | L7: =IF(J7="w",(K7/100*2),0) -> 0 | M7: =K7-L7 -> -0.333
F8: 2-1 | G8: 15 | H8: 0.333 | J8: L | K8: =IF(J8="w",(G8-1)*H8,-H8) -> -0.333 | L8: =IF(J8="w",(K8/100*2),0) -> 0 | M8: =K8-L8 -> -0.333
F9: 2-2 | G9: 16 | H9: 0.333 | J9: L | K9: =IF(J9="w",(G9-1)*H9,-H9) -> -0.333 | L9: =IF(J9="w",(K9/100*2),0) -> 0 | M9: =K9-L9 -> -0.333
D10: UCL | E10: Barcelona v PSG | F10: 2-1 | G10: 10 | H10: 0.333 | I10: 1-2 | J10: L | K10: =IF(J10="w",(G10-1)*H10,-H10) -> -0.333 | L10: =IF(J10="w",(K10/100*2),0) -> 0 | M10: =K10-L10 -> -0.333
F11: 3-1 | G11: 14 | H11: 0.333 | J11: L | K11: =IF(J11="w",(G11-1)*H11,-H11) -> -0.333 | L11: =IF(J11="w",(K11/100*2),0) -> 0 | M11: =K11-L11 -> -0.333
F12: 2-2 | G12: 14 | H12: 0.333 | J12: L | K12: =IF(J12="w",(G12-1)*H12,-H12) -> -0.333 | L12: =IF(J12="w",(K12/100*2),0) -> 0 | M12: =K12-L12 -> -0.333
D13: UCL | E13: Arsenal v Olympiakos | F13: 2-0 | G13: 6.2 | H13: 0.333 | I13: 2-0 | J13: W | K13: =IF(J13="w",(G13-1)*H13,-H13) -> 1.7316 | L13: =IF(J13="w",(K13/100*2),0) -> 0.034632 | M13: =K13-L13 -> 1.696968
F14: 2-1 | G14: 12.5 | H14: 0.333 | J14: L | K14: =IF(J14="w",(G14-1)*H14,-H14) -> -0.333 | L14: =IF(J14="w",(K14/100*2),0) -> 0 | M14: =K14-L14 -> -0.333
F15: 3-1 | G15: 14.5 | H15: 0.333 | J15: L | K15: =IF(J15="w",(G15-1)*H15,-H15) -> -0.333 | L15: =IF(J15="w",(K15/100*2),0) -> 0 | M15: =K15-L15 -> -0.333
D16: UCL | E16: Dortmund v Atletico Bilbao | F16: 1-1 | G16: 8.2 | H16: 0.333 | I16: 4-1 | J16: L | K16: =IF(J16="w",(G16-1)*H16,-H16) -> -0.333 | L16: =IF(J16="w",(K16/100*2),0) -> 0 | M16: =K16-L16 -> -0.333
F17: 2-1 | G17: 9.6 | H17: 0.333 | J17: L | K17: =IF(J17="w",(G17-1)*H17,-H17) -> -0.333 | L17: =IF(J17="w",(K17/100*2),0) -> 0 | M17: =K17-L17 -> -0.333
F18: 2-2 | G18: 17.5 | H18: 0.333 | J18: L | K18: =IF(J18="w",(G18-1)*H18,-H18) -> -0.333 | L18: =IF(J18="w",(K18/100*2),0) -> 0 | M18: =K18-L18 -> -0.333
D19: UCL | E19: Leverkusen v PSV | F19: 1-1 | G19: 9.2 | H19: 0.333 | I19: 1-1 | J19: W | K19: =IF(J19="w",(G19-1)*H19,-H19) -> 2.7306 | L19: =IF(J19="w",(K19/100*2),0) -> 0.054612 | M19: =K19-L19 -> 2.675988
F20: 2-1 | G20: 10 | H20: 0.333 | J20: L | K20: =IF(J20="w",(G20-1)*H20,-H20) -> -0.333 | L20: =IF(J20="w",(K20/100*2),0) -> 0 | M20: =K20-L20 -> -0.333
F21: 2-2 | G21: 14.5 | H21: 0.333 | J21: L | K21: =IF(J21="w",(G21-1)*H21,-H21) -> -0.333 | L21: =IF(J21="w",(K21/100*2),0) -> 0 | M21: =K21-L21 -> -0.333
B22: 2 | C22: =C7+1 -> 45932 | D22: UEL | E22: Roma v Lille | F22: 2-1 | G22: 9.4 | H22: 0.333 | I22: 0-1 | J22: L | K22: =IF(J22="w",(G22-1)*H22,-H22) -> -0.333 | L22: =IF(J22="w",(K22/100*2),0) -> 0 | M22: =K22-L22 -> -0.333
F23: 3-1 | G23: 16.5 | H23: 0.333 | J23: L | K23: =IF(J23="w",(G23-1)*H23,-H23) -> -0.333 | L23: =IF(J23="w",(K23/100*2),0) -> 0 | M23: =K23-L23 -> -0.333
F24: 2-2 | G24: 19 | H24: 0.333 | J24: L | K24: =IF(J24="w",(G24-1)*H24,-H24) -> -0.333 | L24: =IF(J24="w",(K24/100*2),0) -> 0 | M24: =K24-L24 -> -0.333
D25: UEL | E25: Brann v Utrecht | F25: 2-1 | G25: 10 | H25: 0.333 | I25: 1-0 | J25: L | K25: =IF(J25="w",(G25-1)*H25,-H25) -> -0.333 | L25: =IF(J25="w",(K25/100*2),0) -> 0 | M25: =K25-L25 -> -0.333
F26: 3-1 | G26: 19.5 | H26: 0.333 | J26: L | K26: =IF(J26="w",(G26-1)*H26,-H26) -> -0.333 | L26: =IF(J26="w",(K26/100*2),0) -> 0 | M26: =K26-L26 -> -0.333
F27: 2-2 | G27: 16 | H27: 0.333 | J27: L | K27: =IF(J27="w",(G27-1)*H27,-H27) -> -0.333 | L27: =IF(J27="w",(K27/100*2),0) -> 0 | M27: =K27-L27 -> -0.333
D28: UEL | E28: Feyenoord v Aston Villa | F28: 1-1 | G28: 7.6 | H28: 0.333 | I28: 0-2 | J28: L | K28: =IF(J28="w",(G28-1)*H28,-H28) -> -0.333 | L28: =IF(J28="w",(K28/100*2),0) -> 0 | M28: =K28-L28 -> -0.333
F29: 2-1 | G29: 13 | H29: 0.333 | J29: L | K29: =IF(J29="w",(G29-1)*H29,-H29) -> -0.333 | L29: =IF(J29="w",(K29/100*2),0) -> 0 | M29: =K29-L29 -> -0.333
F30: 2-2 | G30: 15.5 | H30: 0.333 | J30: L | K30: =IF(J30="w",(G30-1)*H30,-H30) -> -0.333 | L30: =IF(J30="w",(K30/100*2),0) -> 0 | M30: =K30-L30 -> -0.333
B31: 3 | C31: =C22+1 -> 45933 | D31: PRL | E31: Bournemouth v Fulham | F31: 1-0 | G31: 8.6 | H31: 0.333 | I31: 3-1 | J31: L | K31: =IF(J31="w",(G31-1)*H31,-H31) -> -0.333 | L31: =IF(J31="w",(K31/100*2),0) -> 0 | M31: =K31-L31 -> -0.333
F32: 2-0 | G32: 11.5 | H32: 0.333 | J32: L | K32: =IF(J32="w",(G32-1)*H32,-H32) -> -0.333 | L32: =IF(J32="w",(K32/100*2),0) -> 0 | M32: =K32-L32 -> -0.333
F33: 2-1 | G33: 10 | H33: 0.333 | J33: L | K33: =IF(J33="w",(G33-1)*H33,-H33) -> -0.333 | L33: =IF(J33="w",(K33/100*2),0) -> 0 | M33: =K33-L33 -> -0.333
D34: LAL | E34: Osasuna v Getafe | F34: 1-0 | G34: 5.6 | H34: 0.333 | I34: 2-1 | J34: L | K34: =IF(J34="w",(G34-1)*H34,-H34) -> -0.333 | L34: =IF(J34="w",(K34/100*2),0) -> 0 | M34: =K34-L34 -> -0.333
F35: 2-0 | G35: 10.5 | H35: 0.333 | J35: L | K35: =IF(J35="w",(G35-1)*H35,-H35) -> -0.333 | L35: =IF(J35="w",(K35/100*2),0) -> 0 | M35: =K35-L35 -> -0.333
F36: 2-1 | G36: 12.5 | H36: 0.333 | J36: W | K36: =IF(J36="w",(G36-1)*H36,-H36) -> 3.8295 | L36: =IF(J36="w",(K36/100*2),0) -> 0.07659 | M36: =K36-L36 -> 3.75291
D37: SEA | E37: Verona v Sassuolo | F37: 1-0 | G37: 9 | H37: 0.333 | I37: 0-1 | J37: L | K37: =IF(J37="w",(G37-1)*H37,-H37) -> -0.333 | L37: =IF(J37="w",(K37/100*2),0) -> 0 | M37: =K37-L37 -> -0.333
F38: 1-1 | G38: 6.8 | H38: 0.333 | J38: L | K38: =IF(J38="w",(G38-1)*H38,-H38) -> -0.333 | L38: =IF(J38="w",(K38/100*2),0) -> 0 | M38: =K38-L38 -> -0.333
F39: 2-1 | G39: 12 | H39: 0.333 | J39: L | K39: =IF(J39="w",(G39-1)*H39,-H39) -> -0.333 | L39: =IF(J39="w",(K39/100*2),0) -> 0 | M39: =K39-L39 -> -0.333
D40: BUN | E40: Hoffenheim v Koln | F40: 1-1 | G40: 8.8 | H40: 0.333 | I40: 0-1 | J40: L | K40: =IF(J40="w",(G40-1)*H40,-H40) -> -0.333 | L40: =IF(J40="w",(K40/100*2),0) -> 0 | M40: =K40-L40 -> -0.333
F41: 2-1 | G41: 9.8 | H41: 0.333 | J41: L | K41: =IF(J41="w",(G41-1)*H41,-H41) -> -0.333 | L41: =IF(J41="w",(K41/100*2),0) -> 0 | M41: =K41-L41 -> -0.333
F42: 2-2 | G42: 13.5 | H42: 0.333 | J42: L | K42: =IF(J42="w",(G42-1)*H42,-H42) -> -0.333 | L42: =IF(J42="w",(K42/100*2),0) -> 0 | M42: =K42-L42 -> -0.333
B43: 4 | C43: =C31+1 -> 45934 | D43: PRL | E43: Manchester United v Sunderland | F43: 1-1 | G43: 9.8 | H43: 0.333 | I43: 2-0 | J43: L | K43: =IF(J43="w",(G43-1)*H43,-H43) -> -0.333 | L43: =IF(J43="w",(K43/100*2),0) -> 0 | M43: =K43-L43 -> -0.333
F44: 2-1 | G44: 9.2 | H44: 0.333 | J44: L | K44: =IF(J44="w",(G44-1)*H44,-H44) -> -0.333 | L44: =IF(J44="w",(K44/100*2),0) -> 0 | M44: =K44-L44 -> -0.333
F45: 2-2 | G45: 20 | H45: 0.333 | J45: L | K45: =IF(J45="w",(G45-1)*H45,-H45) -> -0.333 | L45: =IF(J45="w",(K45/100*2),0) -> 0 | M45: =K45-L45 -> -0.333
D46: PRL | E46: Chelsea v Liverpool | F46: 1-1 | G46: 9.2 | H46: 0.333 | I46: 2-1 | J46: L | K46: =IF(J46="w",(G46-1)*H46,-H46) -> -0.333 | L46: =IF(J46="w",(K46/100*2),0) -> 0 | M46: =K46-L46 -> -0.333
F47: 1-2 | G47: 11 | H47: 0.333 | J47: L | K47: =IF(J47="w",(G47-1)*H47,-H47) -> -0.333 | L47: =IF(J47="w",(K47/100*2),0) -> 0 | M47: =K47-L47 -> -0.333
F48: 1-3 | G48: 19 | H48: 0.333 | J48: L | K48: =IF(J48="w",(G48-1)*H48,-H48) -> -0.333 | L48: =IF(J48="w",(K48/100*2),0) -> 0 | M48: =K48-L48 -> -0.333
D49: LAL | E49: Real Madrid v Villarreal | F49: 1-1 | G49: 12 | H49: 0.333 | I49: 3-1 | J49: L | K49: =IF(J49="w",(G49-1)*H49,-H49) -> -0.333 | L49: =IF(J49="w",(K49/100*2),0) -> 0 | M49: =K49-L49 -> -0.333
F50: 2-1 | G50: 9.6 | H50: 0.333 | J50: L | K50: =IF(J50="w",(G50-1)*H50,-H50) -> -0.333 | L50: =IF(J50="w",(K50/100*2),0) -> 0 | M50: =K50-L50 -> -0.333
F51: 2-2 | G51: 17 | H51: 0.333 | J51: L | K51: =IF(J51="w",(G51-1)*H51,-H51) -> -0.333 | L51: =IF(J51="w",(K51/100*2),0) -> 0 | M51: =K51-L51 -> -0.333
B52: 5 | C52: =C43+1 -> 45935 | D52: PRL | E52: Wolves v Brighton | F52: 1-2 | G52: 10 | H52: 0.333 | I52: 1-1 | J52: L | K52: =IF(J52="w",(G52-1)*H52,-H52) -> -0.333 | L52: =IF(J52="w",(K52/100*2),0) -> 0 | M52: =K52-L52 -> -0.333
F53: 1-3 | G53: 19 | H53: 0.333 | J53: L | K53: =IF(J53="w",(G53-1)*H53,-H53) -> -0.333 | L53: =IF(J53="w",(K53/100*2),0) -> 0 | M53: =K53-L53 -> -0.333
F54: 2-2 | G54: 16 | H54: 0.333 | J54: L | K54: =IF(J54="w",(G54-1)*H54,-H54) -> -0.333 | L54: =IF(J54="w",(K54/100*2),0) -> 0 | M54: =K54-L54 -> -0.333
D55: PRL | E55: Brentford v Man City | F55: 0-2 | G55: 11 | H55: 0.333 | I55: 0-1 | J55: L | K55: =IF(J55="w",(G55-1)*H55,-H55) -> -0.333 | L55: =IF(J55="w",(K55/100*2),0) -> 0 | M55: =K55-L55 -> -0.333
F56: 1-2 | G56: 9.6 | H56: 0.333 | J56: L | K56: =IF(J56="w",(G56-1)*H56,-H56) -> -0.333 | L56: =IF(J56="w",(K56/100*2),0) -> 0 | M56: =K56-L56 -> -0.333
F57: 1-3 | G57: 13.5 | H57: 0.333 | J57: L | K57: =IF(J57="w",(G57-1)*H57,-H57) -> -0.333 | L57: =IF(J57="w",(K57/100*2),0) -> 0 | M57: =K57-L57 -> -0.333
D58: LAL | E58: Sociedad v Vallecano | F58: 1-0 | G58: 8.2 | H58: 0.333 | I58: 0-1 | J58: L | K58: =IF(J58="w",(G58-1)*H58,-H58) -> -0.333 | L58: =IF(J58="w",(K58/100*2),0) -> 0 | M58: =K58-L58 -> -0.333
F59: 2-0 | G59: 12 | H59: 0.333 | J59: L | K59: =IF(J59="w",(G59-1)*H59,-H59) -> -0.333 | L59: =IF(J59="w",(K59/100*2),0) -> 0 | M59: =K59-L59 -> -0.333
F60: 2-1 | G60: 10 | H60: 0.333 | J60: L | K60: =IF(J60="w",(G60-1)*H60,-H60) -> -0.333 | L60: =IF(J60="w",(K60/100*2),0) -> 0 | M60: =K60-L60 -> -0.333
B61: 6 | C61: =C52+1 -> 45936 | D61: SED | E61: Leonesa v Albacete | F61: 1-1 | G61: 7.2 | H61: 0.333 | I61: 0-0 | J61: L | K61: =IF(J61="w",(G61-1)*H61,-H61) -> -0.333 | L61: =IF(J61="w",(K61/100*2),0) -> 0 | M61: =K61-L61 -> -0.333
F62: 2-1 | G62: 12.5 | H62: 0.333 | J62: L | K62: =IF(J62="w",(G62-1)*H62,-H62) -> -0.333 | L62: =IF(J62="w",(K62/100*2),0) -> 0 | M62: =K62-L62 -> -0.333
F63: 1-2 | G63: 10.5 | H63: 0.333 | J63: L | K63: =IF(J63="w",(G63-1)*H63,-H63) -> -0.333 | L63: =IF(J63="w",(K63/100*2),0) -> 0 | M63: =K63-L63 -> -0.333
B64: 7 | C64: =C61+1 -> 45937 | D64: No Selection | K64: =IF(J64="w",(G64-1)*H64,-H64) -> 0 | L64: =IF(J64="w",(K64/100*2),0) -> 0 | M64: =K64-L64 -> 0
B65: 8 | C65: =C64+1 -> 45938 | D65: No Selection | K65: =IF(J65="w",(G65-1)*H65,-H65) -> 0 | L65: =IF(J65="w",(K65/100*2),0) -> 0 | M65: =K65-L65 -> 0
B66: 9 | C66: =C65+1 -> 45939 | D66: WCQ | E66: Scotland v Greece | F66: 1-0 | G66: 10 | H66: 0.333 | I66: 3-1 | J66: L | K66: =IF(J66="w",(G66-1)*H66,-H66) -> -0.333 | L66: =IF(J66="w",(K66/100*2),0) -> 0 | M66: =K66-L66 -> -0.333
F67: 1-1 | G67: 6.8 | H67: 0.333 | J67: L | K67: =IF(J67="w",(G67-1)*H67,-H67) -> -0.333 | L67: =IF(J67="w",(K67/100*2),0) -> 0 | M67: =K67-L67 -> -0.333
F68: 2-1 | G68: 12.5 | H68: 0.333 | J68: L | K68: =IF(J68="w",(G68-1)*H68,-H68) -> -0.333 | L68: =IF(J68="w",(K68/100*2),0) -> 0 | M68: =K68-L68 -> -0.333
D69: WCQ | E69: Czechia v Croatia | F69: 0-2 | G69: 13.5 | H69: 0.333 | I69: 0-0 | J69: L | K69: =IF(J69="w",(G69-1)*H69,-H69) -> -0.333 | L69: =IF(J69="w",(K69/100*2),0) -> 0 | M69: =K69-L69 -> -0.333
F70: 1-1 | G70: 7.4 | H70: 0.333 | J70: L | K70: =IF(J70="w",(G70-1)*H70,-H70) -> -0.333 | L70: =IF(J70="w",(K70/100*2),0) -> 0 | M70: =K70-L70 -> -0.333
F71: 1-2 | G71: 10.5 | H71: 0.333 | J71: L | K71: =IF(J71="w",(G71-1)*H71,-H71) -> -0.333 | L71: =IF(J71="w",(K71/100*2),0) -> 0 | M71: =K71-L71 -> -0.333
B72: 10 | C72: =C66+1 -> 45940 | D72: WCQ | E72: Iceland v Ukraine | F72: 0-1 | G72: 9.8 | H72: 0.333 | I72: 3-5 | J72: L | K72: =IF(J72="w",(G72-1)*H72,-H72) -> -0.333 | L72: =IF(J72="w",(K72/100*2),0) -> 0 | M72: =K72-L72 -> -0.333
F73: 1-1 | G73: 7.2 | H73: 0.333 | J73: L | K73: =IF(J73="w",(G73-1)*H73,-H73) -> -0.333 | L73: =IF(J73="w",(K73/100*2),0) -> 0 | M73: =K73-L73 -> -0.333
F74: 1-2 | G74: 11 | H74: 0.333 | J74: L | K74: =IF(J74="w",(G74-1)*H74,-H74) -> -0.333 | L74: =IF(J74="w",(K74/100*2),0) -> 0 | M74: =K74-L74 -> -0.333
D75: WCQ | E75: Sweden v Switzerland | F75: 1-0 | G75: 10 | H75: 0.333 | I75: 0-2 | J75: L | K75: =IF(J75="w",(G75-1)*H75,-H75) -> -0.333 | L75: =IF(J75="w",(K75/100*2),0) -> 0 | M75: =K75-L75 -> -0.333
F76: 1-1 | G76: 7.6 | H76: 0.333 | J76: L | K76: =IF(J76="w",(G76-1)*H76,-H76) -> -0.333 | L76: =IF(J76="w",(K76/100*2),0) -> 0 | M76: =K76-L76 -> -0.333
F77: 2-1 | G77: 10.5 | H77: 0.333 | J77: L | K77: =IF(J77="w",(G77-1)*H77,-H77) -> -0.333 | L77: =IF(J77="w",(K77/100*2),0) -> 0 | M77: =K77-L77 -> -0.333
B78: 11 | C78: =C72+1 -> 45941 | D78: WCQ | E78: Norway v Israel | F78: 2-1 | G78: 10 | H78: 0.333 | I78: 5-0 | J78: L | K78: =IF(J78="w",(G78-1)*H78,-H78) -> -0.333 | L78: =IF(J78="w",(K78/100*2),0) -> 0 | M78: =K78-L78 -> -0.333
F79: 3-1 | G79: 11 | H79: 0.333 | J79: L | K79: =IF(J79="w",(G79-1)*H79,-H79) -> -0.333 | L79: =IF(J79="w",(K79/100*2),0) -> 0 | M79: =K79-L79 -> -0.333
F80: 4-1 | G80: 15 | H80: 0.333 | J80: L | K80: =IF(J80="w",(G80-1)*H80,-H80) -> -0.333 | L80: =IF(J80="w",(K80/100*2),0) -> 0 | M80: =K80-L80 -> -0.333
D81: WCQ | E81: Portugal v Ireland | F81: 3-0 | G81: 7.6 | H81: 0.333 | I81: 1-0 | J81: L | K81: =IF(J81="w",(G81-1)*H81,-H81) -> -0.333 | L81: =IF(J81="w",(K81/100*2),0) -> 0 | M81: =K81-L81 -> -0.333
F82: 3-1 | G82: 13 | H82: 0.333 | J82: L | K82: =IF(J82="w",(G82-1)*H82,-H82) -> -0.333 | L82: =IF(J82="w",(K82/100*2),0) -> 0 | M82: =K82-L82 -> -0.333
F83: 4-1 | G83: 15 | H83: 0.333 | J83: L | K83: =IF(J83="w",(G83-1)*H83,-H83) -> -0.333 | L83: =IF(J83="w",(K83/100*2),0) -> 0 | M83: =K83-L83 -> -0.333
B84: 12 | C84: =C78+1 -> 45942 | D84: WCQ | E84: Romania v Austria | F84: 1-2 | G84: 9.6 | H84: 0.333 | I84: 1-0 | J84: L | K84: =IF(J84="w",(G84-1)*H84,-H84) -> -0.333 | L84: =IF(J84="w",(K84/100*2),0) -> 0 | M84: =K84-L84 -> -0.333
F85: 1-3 | G85: 17 | H85: 0.333 | J85: L | K85: =IF(J85="w",(G85-1)*H85,-H85) -> -0.333 | L85: =IF(J85="w",(K85/100*2),0) -> 0 | M85: =K85-L85 -> -0.333
F86: 2-3 | G86: 32 | H86: 0.333 | J86: L | K86: =IF(J86="w",(G86-1)*H86,-H86) -> -0.333 | L86: =IF(J86="w",(K86/100*2),0) -> 0 | M86: =K86-L86 -> -0.333
D87: WCQ | E87: Denmark v Greece | F87: 2-0 | G87: 9.4 | H87: 0.333 | I87: 3-1 | J87: L | K87: =IF(J87="w",(G87-1)*H87,-H87) -> -0.333 | L87: =IF(J87="w",(K87/100*2),0) -> 0 | M87: =K87-L87 -> -0.333
F88: 2-1 | G88: 9.6 | H88: 0.333 | J88: L | K88: =IF(J88="w",(G88-1)*H88,-H88) -> -0.333 | L88: =IF(J88="w",(K88/100*2),0) -> 0 | M88: =K88-L88 -> -0.333
F89: 3-0 | G89: 15 | H89: 0.333 | J89: L | K89: =IF(J89="w",(G89-1)*H89,-H89) -> -0.333 | L89: =IF(J89="w",(K89/100*2),0) -> 0 | M89: =K89-L89 -> -0.333
B90: 13 | C90: =C84+1 -> 45943 | D90: WCQ | E90: Wales v Belgium | F90: 1-1 | G90: 8.6 | H90: 0.333 | I90: 2-4 | J90: L | K90: =IF(J90="w",(G90-1)*H90,-H90) -> -0.333 | L90: =IF(J90="w",(K90/100*2),0) -> 0 | M90: =K90-L90 -> -0.333
F91: 1-2 | G91: 9.6 | H91: 0.333 | J91: L | K91: =IF(J91="w",(G91-1)*H91,-H91) -> -0.333 | L91: =IF(J91="w",(K91/100*2),0) -> 0 | M91: =K91-L91 -> -0.333
F92: 1-3 | G92: 17.5 | H92: 0.333 | J92: L | K92: =IF(J92="w",(G92-1)*H92,-H92) -> -0.333 | L92: =IF(J92="w",(K92/100*2),0) -> 0 | M92: =K92-L92 -> -0.333
D93: WCQ | E93: Iceland v France | F93: 1-1 | G93: 12 | H93: 0.333 | I93: 2-2 | J93: L | K93: =IF(J93="w",(G93-1)*H93,-H93) -> -0.333 | L93: =IF(J93="w",(K93/100*2),0) -> 0 | M93: =K93-L93 -> -0.333
F94: 1-2 | G94: 9.8 | H94: 0.333 | J94: L | K94: =IF(J94="w",(G94-1)*H94,-H94) -> -0.333 | L94: =IF(J94="w",(K94/100*2),0) -> 0 | M94: =K94-L94 -> -0.333
F95: 1-3 | G95: 13.5 | H95: 0.333 | J95: L | K95: =IF(J95="w",(G95-1)*H95,-H95) -> -0.333 | L95: =IF(J95="w",(K95/100*2),0) -> 0 | M95: =K95-L95 -> -0.333
B96: 14 | C96: =C90+1 -> 45944 | D96: WCQ | E96: Estonia v Moldova | F96: 2-0 | G96: 12 | H96: 0.333 | I96: 1-1 | J96: L | K96: =IF(J96="w",(G96-1)*H96,-H96) -> -0.333 | L96: =IF(J96="w",(K96/100*2),0) -> 0 | M96: =K96-L96 -> -0.333
F97: 2-1 | G97: 10.5 | H97: 0.333 | J97: L | K97: =IF(J97="w",(G97-1)*H97,-H97) -> -0.333 | L97: =IF(J97="w",(K97/100*2),0) -> 0 | M97: =K97-L97 -> -0.333
F98: 3-0 | G98: 28 | H98: 0.333 | J98: L | K98: =IF(J98="w",(G98-1)*H98,-H98) -> -0.333 | L98: =IF(J98="w",(K98/100*2),0) -> 0 | M98: =K98-L98 -> -0.333
D99: WCQ | E99: Turkiye v Georgia | F99: 2-1 | G99: 9.4 | H99: 0.333 | I99: 4-1 | J99: L | K99: =IF(J99="w",(G99-1)*H99,-H99) -> -0.333 | L99: =IF(J99="w",(K99/100*2),0) -> 0 | M99: =K99-L99 -> -0.333
F100: 3-1 | G100: 13.5 | H100: 0.333 | J100: L | K100: =IF(J100="w",(G100-1)*H100,-H100) -> -0.333 | L100: =IF(J100="w",(K100/100*2),0) -> 0 | M100: =K100-L100 -> -0.333
F101: 2-2 | G101: 17 | H101: 0.333 | J101: L | K101: =IF(J101="w",(G101-1)*H101,-H101) -> -0.333 | L101: =IF(J101="w",(K101/100*2),0) -> 0 | M101: =K101-L101 -> -0.333
B102: 15 | C102: =C96+1 -> 45945 | D102: No Selection | K102: =IF(J102="w",(G102-1)*H102,-H102) -> 0 | L102: =IF(J102="w",(K102/100*2),0) -> 0 | M102: =K102-L102 -> 0
...

Sheet PXCS - CHART
B2: PR0-XCS - OCTOBER 2025: DAILY RESULTS
B4: Day | C4: Day Points: Profit / Loss | D4: Accumulated Points
B5: 0 | C5: 0 | D5: 50
B6: 1 | C6: =SUM('PXCS - Results'!M7:M21) -> 0.043956 | D6: =C6+50 -> 50.043956
B7: 2 | C7: =SUM('PXCS - Results'!M22:M30) -> -2.997 | D7: =D6+C7 -> 47.046956
B8: 3 | C8: =SUM('PXCS - Results'!M31:M42) -> 0.08991 | D8: =D7+C8 -> 47.136866
B9: 4 | C9: =SUM('PXCS - Results'!M43:M51) -> -2.997 | D9: =D8+C9 -> 44.139866
B10: 5 | C10: =SUM('PXCS - Results'!M52:M60) -> -2.997 | D10: =D9+C10 -> 41.142866
B11: 6 | C11: =SUM('PXCS - Results'!M61:M63) -> -0.999 | D11: =D10+C11 -> 40.143866
B12: 7 | C12: =SUM('PXCS - Results'!M64) -> 0 | D12: =D11+C12 -> 40.143866
B13: 8 | C13: =SUM('PXCS - Results'!M65) -> 0 | D13: =D12+C13 -> 40.143866
B14: 9 | C14: =SUM('PXCS - Results'!M66:M71) -> -1.998 | D14: =D13+C14 -> 38.145866
B15: 10 | C15: =SUM('PXCS - Results'!M72:M77) -> -1.998 | D15: =D14+C15 -> 36.147866
B16: 11 | C16: =SUM('PXCS - Results'!M78:M83) -> -1.998 | D16: =D15+C16 -> 34.149866
B17: 12 | C17: =SUM('PXCS - Results'!M84:M89) -> -1.998 | D17: =D16+C17 -> 32.151866
B18: 13 | C18: =SUM('PXCS - Results'!M90:M95) -> -1.998 | D18: =D17+C18 -> 30.153866
B19: 14 | C19: =SUM('PXCS - Results'!M96:M101) -> -1.998 | D19: =D18+C19 -> 28.155866
B20: 15 | C20: =SUM('PXCS - Results'!M102) -> 0 | D20: =D19+C20 -> 28.155866
B21: 16 | C21: =SUM('PXCS - Results'!M103) -> 0 | D21: =D20+C21 -> 28.155866
B22: 17 | C22: =SUM('PXCS - Results'!M104:M109) -> -1.998 | D22: =D21+C22 -> 26.157866
B23: 18 | C23: =SUM('PXCS - Results'!M110:M118) -> 6.291036 | D23: =D22+C23 -> 32.448902
B24: 19 | C24: =SUM('PXCS - Results'!M119:M127) -> -2.997 | D24: =D23+C24 -> 29.451902
B25: 20 | C25: =SUM('PXCS - Results'!M128:M130) -> -0.999 | D25: =D24+C25 -> 28.452902
B26: 21 | C26: =SUM('PXCS - Results'!M131:M136) -> -1.998 | D26: =D25+C26 -> 26.454902
B27: 22 | C27: =SUM('PXCS - Results'!M137:M142) -> 2.25108 | D27: =D26+C27 -> 28.705982
B28: 23 | C28: =SUM('PXCS - Results'!M143:M148) -> -1.998 | D28: =D27+C28 -> 26.707982
B29: 24 | C29: =SUM('PXCS - Results'!M149:M154) -> 1.27206 | D29: =D28+C29 -> 27.980042
B30: 25 | C30: =SUM('PXCS - Results'!M155:M163) -> -2.997 | D30: =D29+C30 -> 24.983042
B31: 26 | C31: =SUM('PXCS - Results'!M164:M169) -> 1.5984 | D31: =D30+C31 -> 26.581442
B32: 27 | C32: =SUM('PXCS - Results'!M170:M172) -> -0.999 | D32: =D31+C32 -> 25.582442
B33: 28 | C33: =SUM('PXCS - Results'!M173:M178) -> 2.225106 | D33: =D32+C33 -> 27.807548
B34: 29 | C34: =SUM('PXCS - Results'!M179:M184) -> -1.998 | D34: =D33+C34 -> 25.809548
B35: 30 | C35: =SUM('PXCS - Results'!M185:M190) -> -1.998 | D35: =D34+C35 -> 23.811548
B36: 31 | C36: =SUM('PXCS - Results'!M191:M196) -> -1.998 | D36: =D35+C36 -> 21.813548
